 Dungeon Crawl Stone Soup version 0.25-a0-577-ga4619f409e (webtiles) character file.

Game seed: 11205395895139678781, levelgen mode: deterministic

1778 An17 the Covert (level 8, -1/41 HPs)
             Began as a Vampire Enchanter on Mar 2, 2020.
             Was an Initiate of Ashenzari.
             Slain by a killer bee (8 damage)
             ... on level 7 of the Dungeon.
             The game lasted 00:16:24 (4353 turns).

An17 the Covert (Vampire Enchanter)                 Turns: 4353, Time: 00:16:24

Health: -1/41      AC:  9    Str:  7    XL:     8   Next: 81%
Magic:  22/24      EV: 13    Int: 18    God:    Ashenzari [......]
Gold:   317        SH:  0    Dex: 16    Spells: 5/16 levels left

rFire    . . .     SeeInvis +   a - +2 dagger
rCold    + + .     Gourm    .   (no shield)
rNeg     + + +     Faith    .   y - +0 steam dragon scales
rPois    ∞         Spirit   .   z - +0 helmet
rElec    .         Reflect  .   t - +0 cloak
rCorr    .         Harm     .   s - +1 pair of gloves
MR       .....     Rnd*Tele +   (no boots)
Stlth    +++++++...             g - amulet of regeneration
HPRegen  0.00/turn              o - ring of teleportation (curse)
MPRegen  0.19/turn              h - ring of magical power

@: bloodless
A: no food, fangs 3, see invisible, unbreathing
a: Bat Form, Revivify, Curse Item, Renounce Religion


You were on level 7 of the Dungeon.
You worshipped Ashenzari.
Ashenzari was noncommittal.
You were bloodless.

You visited 2 branches of the dungeon, and saw 8 of its levels.

You collected 317 gold pieces.

Inventory:

Hand Weapons
 a - a +2 dagger (weapon)
 m - a +0 falchion of draining
 r - the +6 mace "Raekoosch" {flame, +Blink rPois rC+ Dex-2}
   (You took it off an orc on level 4 of the Dungeon)

   It has been specially enchanted to burn those struck by it, causing extra
   injury to most foes and up to half again as much damage against particularly
   susceptible opponents.
   It affects your dexterity (-2).
   It protects you from cold.
   It protects you from poison.
   It lets you blink.
Armour
 s - a +1 pair of gloves (worn)
 t - a +0 cloak (worn)
 y - +0 steam dragon scales (worn)
 z - a +0 helmet (worn)
Jewellery
 f - an uncursed ring of flight
 g - an amulet of regeneration (around neck)
 h - a ring of magical power (right hand)
 o - a cursed ring of teleportation (left hand)
 p - an uncursed ring of resist corrosion
 u - an uncursed ring of wizardry
 x - a +4 ring of dexterity
Scrolls
 n - a scroll of blinking
 v - 3 scrolls of teleportation
 w - a scroll of magic mapping
Potions
 b - 2 potions of lignification {unknown}
 c - 2 potions of stabbing {unknown}
 d - 2 potions of cancellation {unknown}
 e - 5 potions of curing
 i - 3 potions of might {unknown}
 j - 2 potions of ambrosia {unknown}
 k - a potion of heal wounds {unknown}
 l - a potion of degeneration {unknown}
 q - 2 potions of resistance {unknown}


   Skills:
 + Level 3.5 Short Blades
 + Level 2.0 Armour
 + Level 3.0 Dodging
 + Level 11.7 Stealth
 + Level 4.7 Spellcasting
 + Level 7.8 Hexes
 + Level 3.2 Ice Magic


You had 5 spell levels left.
You knew the following spells:

 Your Spells              Type           Power        Failure   Level  Hunger
a - Dazzling Flash        Conj/Hex       ###...       9%          3    N/A
b - Ensorcelled Hibernat  Hex/Ice        ###...       2%          2    N/A
c - Tukima's Dance        Hex            ####....     1%          3    N/A
d - Confusing Touch       Hex            ####....     1%          3    N/A

Your spell library contained the following spells:

 Spells                   Type           Power        Failure   Level  Hunger
 Corona                   Hex            ####...      1%          1    N/A

Dungeon Overview and Level Annotations

Branches:
Dungeon (7/15)             Temple (1/1) D:6

Altars:
Ashenzari
Cheibriados
Elyvilon
Fedhas
Gozag
Hepliaklqana
Kikubaaqudgha
Makhleb
Nemelex Xobeh
Okawaru
Qazlal
Ru
Trog
Vehumet
Xom
Yredelemnul
The Shining One


Innate Abilities, Weirdness & Mutations

You do not eat.
You do not regenerate when monsters are visible.
You are frail without blood (-20% HP).
You can heal yourself when you bite living creatures.
You are immune to poison.
You have razor-sharp teeth.
You have supernaturally acute eyesight. (SInv)
You can survive without breathing.


Message History

The killer bee stings you. The killer bee barely misses you.
The killer bee stings you but does no damage.
The killer bee stings you!
* * * LOW HITPOINT WARNING * * *
The killer bee barely misses you. The killer bee closely misses you.
The killer bee barely misses you.
The killer bee stings you but does no damage.
The killer bee stings you.
* * * LOW HITPOINT WARNING * * *
The killer bee closely misses you.
Casting: Ensorcelled Hibernation (safe; 2% risk of failure)
Confirm with . or Enter, or press ? or * to list all spells.
Aiming: Ensorcelled Hibernation (safe; 2% risk of failure)
Press: ? - help, Shift-Dir - straight line, f - killer bee
Aim: a killer bee (chance to defeat MR: 62%)
The killer bee resists with significant effort.
The killer bee stings you!
You die...

#.####.......#....# #.#
#...#........#....# #.#
#(....(......#....# #.#
###.##......#....<..# ##.#
##...##.#.....#......# #..#
.####. ##...#.##y........# #.##
..$...##......##y##......# #.#
.........#######y###..÷..#####.#
........## ###@# #.#.#....##.#
......#.# #...# #.#.####....##
........# #.### #.....####...#
.....#### #.# ###.#........#
..### ####.# #.#######.## .
##....# #.# #.# ##.....## #.#
#.# #.......# #.# #.# ##.......#
#.# #.#


You could see 3 killer bees.

Vanquished Creatures
  Maggie (D:6)
  Grinder (D:3)
  Eustachio (D:4)
  A sky beast (D:7)
  An ice beast (D:5)
  3 ogres
  2 killer bees (D:7)
  3 crimson imps
  A hound (D:6)
  A jelly (D:5)
  An orc priest (D:5)
  Crazy Yiuf (D:4)
  3 orc wizards
  3 bullfrog skeletons
  3 worker ants
  Terence (D:3)
  A hound zombie (D:7)
  8 adders
  A howler monkey skeleton (D:4)
  2 worms (D:2)
  2 dart slugs
  4 leopard geckos
  18 orcs
  A ball python (D:3)
  8 bats
  5 giant cockroaches
  4 goblins
  4 hobgoblins
  3 jackals (D:1)
  5 quokkas
  3 frilled lizards
  3 kobolds
  9 rats
108 creatures vanquished.

Notes
Turn   | Place    | Note
-------+----------+-------------------------------------------
     0 | D:1      | An17 the Vampire Enchanter began the quest for the Orb.
     0 | D:1      | Reached XP level 1. HP: 13/13 MP: 3/3
   176 | D:1      | Reached XP level 2. HP: 16/19 MP: 5/5
   180 | D:1      | Learned a level 2 spell: Ensorcelled Hibernation
   265 | D:1      | Reached skill level 5 in Stealth
   493 | D:1      | Reached skill level 5 in Hexes
   865 | D:2      | Reached XP level 3. HP: 19/19 MP: 6/6
   870 | D:2      | Learned a level 3 spell: Tukima's Dance
  1520 | D:3      | Reached XP level 4. HP: 12/24 MP: 7/7
  1545 | D:3      | Reached skill level 6 in Stealth
  1807 | D:3      | Noticed Terence
  1912 | D:3      | Killed Terence
  1918 | D:3      | Reached XP level 5. HP: 28/28 MP: 8/8
  1923 | D:3      | Learned a level 3 spell: Confusing Touch
  1938 | D:3      | Noticed Grinder
  1947 | D:3      | Killed Grinder
  1947 | D:3      | Reached skill level 7 in Stealth
  1947 | D:3      | Reached skill level 1 in Ice Magic
  1947 | D:3      | Reached XP level 6. HP: 18/32 MP: 10/10
  2283 | D:4      | Noticed Eustachio
  2306 | D:4      | Killed Eustachio
  2306 | D:4      | Reached skill level 8 in Stealth
  2367 | D:4      | Found a sparkling altar of Nemelex Xobeh.
  2478 | D:4      | Identified the +6 mace "Raekoosch" {flame, +Blink rPois rC+
                  | Dex-2}
  2563 | D:4      | Reached XP level 7. HP: 36/36 MP: 12/12
  2680 | D:4      | Found a runed translucent door.
  2681 | D:4      | Noticed Crazy Yiuf
  2687 | D:4      | Killed Crazy Yiuf
  2729 | D:5      | Entered Level 5 of the Dungeon
  2749 | D:5      | Reached skill level 9 in Stealth
  3119 | D:5      | Reached skill level 10 in Stealth
  3124 | D:5      | Reached XP level 8. HP: 41/41 MP: 14/14
  3145 | D:5      | Reached skill level 1 in Armour
  3278 | D:6      | Found a staircase to the Ecumenical Temple.
  3287 | Temple   | Entered the Ecumenical Temple
  3432 | Temple   | Became a worshipper of Ashenzari the Shackled
  3760 | D:6      | Learned a level 3 spell: Dazzling Flash
  3999 | D:6      | Noticed Maggie
  4006 | D:6      | Killed Maggie
  4006 | D:6      | Reached skill level 11 in Stealth
  4353 | D:7      | Slain by a killer bee

Levels and vault maps discovered:
D:1:      ncdulo_wetmaze, layout_basic
D:2:      layout_basic
D:3:      layout_basic, uniq_terence, uniq_grinder
D:4:      layout_rooms, nemelex_xobeh_ov_fountains_minmay, first_ration,
          minmay_misc_feat_chi, uniq_crazy_yiuf_cottage, uniq_eustachio
D:5:      layout_cave_pools
D:6:      layout_loops_ring, minmay_temple_entry_mini_moons, uniq_maggie
D:7:      layout_rooms, uniq_duvessa
Temple:   eino_temple_rhombus

Skill      XL: |  1  2  3  4  5  6  7  8 |
---------------+-------------------------+-----
Stealth        | 5 6 7 8 10 11 | 11.7
Hexes          | 5 6 7 |  7.8
Short Blades   | 2 3 |  3.5
Spellcasting   | 3 4 |  4.7
Ice Magic      | 1 2 3 |  3.2
Armour         | 2 |  2.0
Dodging        | 3 |  3.0

Action                   |  1- 3 |  4- 6 |  7- 9 || total
-------------------------+-------+-------+-------++-------
Melee: Dagger            |   106 |    74 |   123 ||   303
       Bite              |     9 |     4 |     8 ||    21
 Cast: Ensorcelled Hiber |     9 |    18 |    40 ||    67
       Confusing Touch   |       |     2 |     2 ||     4
 Abil: Exsanguinate      |     1 |       |       ||     1
  Use: Scroll            |     3 |       |     5 ||     8
 Stab: Sleeping          |    19 |    20 |    35 ||    74
       Distracted        |     1 |       |       ||     1
       Confused          |       |     2 |     2 ||     4
Armor: Robe              |    13 |     3 |       ||    16
       Leather armour    |       |     1 |    18 ||    19
       Steam dragon scal |       |       |    15 ||    15
Dodge: Dodged            |    65 |    32 |    73 ||   170

Table legend:
 A = Non-vault XP
 B = Vault XP
 C = Vault XP percentage of total XP
 D = Non-vault monster count
 E = Vault monster count
 F = Vault count percentage of total count
                 A         B        C        D         E       F
            +---------+---------+-------+---------+---------+-------
      Total |    1636 |     905 |  35.6 |     103 |       5 |   4.6
            +---------+---------+-------+---------+---------+-------
        D:1 |      27 |       0 |   0.0 |      15 |       0 |   0.0
        D:2 |      37 |       0 |   0.0 |      15 |       0 |   0.0
        D:3 |     104 |     309 |  74.8 |      23 |       2 |   8.0
        D:4 |     188 |     237 |  55.8 |       9 |       2 |  18.2
        D:5 |     603 |       0 |   0.0 |      17 |       0 |   0.0
        D:6 |     310 |     359 |  53.7 |      17 |       1 |   5.6
        D:7 |     367 |       0 |   0.0 |       7 |       0 |   0.0
            +---------+---------+-------+---------+---------+-------
